 Dungeon Crawl Stone Soup version 0.31-a0-986-g5e6e4ef867 (webtiles) character file.

Game seed: 2403330146167423131

1254 Ekaitz the Firebug (level 8, -2/58 HPs)
             Began as a Demonspawn Fire Elementalist on Nov 13, 2023.
             Was an Initiate of Sif Muna.
             Slain by an ice beast (9 damage)
             ... on level 6 of the Dungeon.
             The game lasted 00:08:44 (4180 turns).

Ekaitz the Firebug (Demonspawn Fire Elementalist)   Turns: 4180, Time: 00:08:45

Health: -2/58      AC:  4    Str:  8    XL:     8   Next: 26%
Magic:  0/13       EV: 17    Int: 19    God:    Sif Muna [......]
Gold:   72         SH:  0    Dex: 18    Spells: 1/14 levels left

rFire   . . .        l - +4 short sword of Annoyance {freeze, Dex+4 SInv}
rCold   . . .        (no shield)
rNeg    + . .        a - +0 robe
rPois   .            (no helmet)
rElec   .            m - +0 cloak
rCorr   .            (no gloves)
SInv    +            A - +0 pair of boots
Will    .....        (no amulet)
Stlth   ++           C - ring of positive energy
HPRegen 0.29/turn    D - +5 ring of evasion
MPRegen 0.26/turn

%: guardian spirit
@: very slightly contaminated
A: powered by pain 2, magic shield, magic regeneration
a: Renounce Religion


You were on level 6 of the Dungeon.
You worshipped Sif Muna.
Sif Muna was noncommittal.
You visited 2 branches of the dungeon, and saw 7 of its levels.

You collected 276 gold pieces.
You spent 204 gold pieces at shops.

Inventory:

Hand Weapons
 g - a +0 battleaxe
 l - the +4 short sword of Annoyance (weapon) {freeze, Dex+4 SInv}
   (You found it on level 2 of the Dungeon)

   Dex+4:     It affects your dexterity (+4).
   SInv:      It lets you see invisible.
 J - a +2 scythe of venom
Missiles
 f - a throwing net
 x - 6 poisoned darts
Armour
 a - a +0 robe (worn)
 m - a +0 cloak (worn)
 A - a +0 pair of boots (worn)
Magical Staves
 E - a staff of earth
Jewellery
 C - a ring of positive energy (left hand)
 D - a +5 ring of evasion (right hand)
 F - a ring of protection from cold
 H - a ring of positive energy
Talismans
 K - a beast talisman
Wands
 G - a wand of flame (17)
 I - a wand of roots (2)
Scrolls
 d - a scroll of amnesia {unknown}
 e - a scroll of summoning {unknown}
 h - 2 scrolls of revelation {unknown}
 n - a scroll of enchant armour {unknown}
 o - 7 scrolls of identify {unknown}
 q - 2 scrolls of vulnerability {unknown}
 r - a scroll of noise {unknown}
 u - a scroll of teleportation {unknown}
 v - a scroll of brand weapon {unknown}
 w - 3 scrolls of fear {unknown}
 y - 3 scrolls of immolation {unknown}
Potions
 b - a potion of magic
 c - 2 potions of degeneration {unknown}
 i - 2 potions of brilliance {unknown}
 j - 2 potions of curing {unknown}
 k - a potion of enlightenment {unknown}
 p - 2 potions of lignification {unknown}
 s - 2 potions of might {unknown}
 t - a potion of mutation {unknown}
 z - a potion of heal wounds {unknown}
 B - a potion of cancellation {unknown}


   Skills:
 * Level 3.0 Fighting
 + Level 1.0 Short Blades
 + Level 2.2 Dodging
 + Level 2.5 Stealth
 + Level 3.6 Spellcasting
 + Level 2.8 Conjurations
 * Level 2.4 Hexes
 * Level 3.5 Necromancy
 * Level 1.7 Translocations
 * Level 5.4 Fire Magic
 * Level 2.0 Air Magic
 * Level 1.5 Invocations


You had one spell level left.
You knew the following spells:

 Your Spells              Type           Power      Damage    Failure   Level
a - Foxfire               Conj/Fire      76%        2x1d7     2%          1
b - Scorch                Fire           48%        2d7       2%          2
c - Volatile Blastmotes   Fire/Tloc      34%        2d12      10%         3
d - Flame Wave            Conj/Fire      19%        2d7       26%         4
i - Inner Flame           Hex/Fire       18%        N/A       9%          3

Your spell library contained the following spells:

 Spells                   Type           Power      Damage    Failure   Level
 Necrotise                Necr           64%        1d7       3%          1
 Apportation              Tloc           20%        N/A       7%          1
 Summon Small Mammal      Summ           12%        N/A       14%         1
 Cigotuvi's Dreadful Rot  Necr/Pois/Air  20%        N/A       10%         2
 Gell's Gravitas          Tloc           10%        N/A       22%         3
 Teleport Other           Tloc           10%        N/A       22%         3
 Dispel Undead            Necr           16%        3d10      34%         4
 Vhi's Electric Charge    Tloc/Air       20%        N/A       54%         4
 Arcjolt                  Conj/Air       6%         1d16      82%         5
 Death Channel            Necr           8%         N/A       99%         6
 Plasma Beam              Fire/Air       8%         2x1d19    99%         6
 Starburst                Conj/Fire      9%         6d5       99%         6
 Dispersal                Tloc           5%         N/A       100%        6


Dungeon Overview and Level Annotations

Branches:
Dungeon (6/15)             Temple (1/1) D:4

Altars:
Ashenzari
Dithmenos
Fedhas
Hepliaklqana
Kikubaaqudgha
Okawaru
Qazlal
Ru
Sif Muna
Trog
Vehumet
Xom

Shops:
D:2 *


Innate Abilities, Weirdness & Mutations

You sometimes gain power by taking damage.
When hurt, damage is shared between your health and your magic reserves.
You regenerate magic rapidly.


Message History

You hit the ice beast but do no damage.
The foxfire hits the ice beast.
The ice beast melts!
The ice beast is moderately wounded.
The foxfire hits the ice beast but does no damage.
The ice beast is moderately wounded.
The ice beast hits you but does no damage.
Unknown command.
Casting: Foxfire (safe; 2% risk of failure)
Confirm with . or Enter, or press ? or * to list all spells.
Flames lash the ice beast.
The ice beast melts!
The ice beast is heavily wounded.
The ice beast's fire resistance burns away.
The ice beast completely misses you.
Unknown command.
You closely miss the ice beast.
The ice beast is heavily wounded.
The ice beast hits you but does no damage.
You closely miss the ice beast.
The ice beast is heavily wounded.
The ice beast misses you.
You barely miss the ice beast.
You punch the ice beast, but do no damage.
The ice beast is heavily wounded.
The ice beast barely misses you.
Casting: Scorch (safe; 2% risk of failure)
Confirm with . or Enter, or press ? or * to list all spells.
You miscast Foxfire.
You are very lightly contaminated with residual magic.
Nothing appears to happen.
The ice beast closely misses you.
Unknown command.
You hit the ice beast but do no damage.
The ice beast is heavily wounded.
The ice beast is no longer more vulnerable to fire.
The ice beast misses you.
You hit the ice beast.
The ice beast is severely wounded.
The ice beast hits you.
* * * LOW HITPOINT WARNING * * *
The ice beast freezes you!
You die...

### #.#
########)################
.........)...............
.........################
...#####.##### #
#....@Y...# #.....!...#
######.....?# #......
...... # ...... . ......
# ..... ..


You could see an ice beast.

Vanquished Creatures
  Sigmund (D:5)
  Eustachio (D:4)
  Menkaure (D:5)
  A black bear (D:5)
  An ogre (D:5)
  Blork the orc (D:6)
  2 scorpions
  2 jellies (D:5)
  2 hounds
  An orc priest (D:3)
  Ijyb (D:5)
  Terence (D:2)
  3 iguanas
  2 orc wizards (D:6)
  3 adders
  6 gnolls
  A white imp (D:6)
  A worm (D:3)
  A dart slug (D:5)
  3 orcs
  3 bats
  6 endoplasms
  2 giant cockroaches
  7 goblins
  A hobgoblin (D:2)
  3 jackals (D:3)
  3 quokkas
  6 ball pythons
  3 kobolds
  5 rats
74 creatures vanquished.

Vanquished Creatures (collateral kills)
  2 foxfires (D:3)
2 creatures vanquished.

Vanquished Creatures (others)
  213 foxfires
213 creatures vanquished.

Grand Total: 289 creatures vanquished

Notes
Turn   | Place    | Note
-------+----------+-------------------------------------------
     0 | D:1      | Ekaitz the Demonspawn Fire Elementalist began the quest for
                  | the Orb.
     0 | D:1      | Reached XP level 1. HP: 13/13 MP: 3/3
   875 | D:2      | Reached skill level 3 in Fire Magic
   875 | D:2      | Gained mutation: You sometimes gain a little power by
                  | taking damage. [demonic ancestry]
   875 | D:2      | Reached XP level 2. HP: 19/19 MP: 0/5
   883 | D:2      | Learned a level 2 spell: Scorch
   946 | D:2      | Identified the +4 short sword of Annoyance {freeze, Dex+4
                  | SInv}
  1212 | D:2      | Found Taddacaf's Assorted Antiques.
  1222 | D:2      | Bought a scroll labelled LUPLE USSUCVU for 23 gold pieces
  1222 | D:2      | Bought a scroll labelled ZOYDAR TACILUFEY for 23 gold
                  | pieces
  1222 | D:2      | Bought a scroll labelled TAPOWN DOLYE for 23 gold pieces
  1222 | D:2      | Bought a red potion for 20 gold pieces
  1371 | D:2      | Noticed Terence
  1381 | D:2      | Killed Terence
  1382 | D:2      | Reached skill level 1 in Necromancy
  1382 | D:2      | Gained mutation: You regenerate magic rapidly. [demonic
                  | ancestry]
  1382 | D:2      | Reached XP level 3. HP: 6/25 MP: 0/6
  1388 | D:2      | Learned a level 3 spell: Inner Flame
  1832 | D:3      | Gained mutation: You sometimes gain power by taking damage.
                  | [demonic ancestry]
  1832 | D:3      | Reached XP level 4. HP: 31/31 MP: 4/7
  2185 | D:3      | Reached skill level 1 in Fighting
  2479 | D:3      | Reached XP level 5. HP: 36/37 MP: 1/8
  2679 | D:4      | Noticed Eustachio
  2687 | D:4      | Killed Eustachio
  2688 | D:4      | Reached skill level 1 in Hexes
  2688 | D:4      | Reached skill level 4 in Fire Magic
  2688 | D:4      | Reached XP level 6. HP: 37/43 MP: 1/10
  2834 | D:4      | Found a staircase to the Ecumenical Temple.
  2841 | Temple   | Entered the Ecumenical Temple
  2851 | Temple   | Became a worshipper of Sif Muna the Loreminder
  2866 | D:4      | Learned a level 3 spell: Volatile Blastmotes
  3455 | D:4      | Reached skill level 1 in Air Magic
  3662 | D:2      | Bought a brass ring for 115 gold pieces
  3768 | D:5      | Entered Level 5 of the Dungeon
  3786 | D:5      | Noticed Ijyb
  3791 | D:5      | Killed Ijyb
  3797 | D:5      | Reached XP level 7. HP: 50/50 MP: 0/11
  3904 | D:5      | Reached skill level 1 in Translocations
  3944 | D:5      | Noticed Menkaure
  3948 | D:5      | Killed Menkaure
  3950 | D:5      | Noticed Sigmund
  3964 | D:5      | Killed Sigmund
  3965 | D:5      | Reached skill level 5 in Fire Magic
  3971 | D:5      | Gained mutation: When hurt, damage is shared between your
                  | health and your magic reserves. [demonic ancestry]
  3971 | D:5      | Reached XP level 8. HP: 45/57 MP: 0/13
  3984 | D:5      | Learned a level 4 spell: Flame Wave
  4054 | D:5      | You fall into a shaft and drop 1 floor!
  4074 | D:6      | Reached skill level 1 in Invocations
  4140 | D:6      | Noticed Blork the orc
  4166 | D:6      | Killed Blork the orc
  4167 | D:6      | Reached skill level 1 in Short Blades
  4180 | D:6      | Slain by an ice beast

Illustrated notes

Levels and vault maps discovered:
D:1:      ncdulo_wetmaze, layout_loops_ring, chequers_serial_rivers_micro_d
D:2:      layout_loops_cross, serial_shops, shop, uniq_terence
D:3:      layout_loops_cross, guppyfry_early_lair_pool
D:4:      minmay_diamond_boxcup, layout_loops_ring, minmay_temple_entry_arrows,
          hangedman_decor_slide_cut, chequers_mini_garden, minivault_19,
          uniq_eustachio
D:5:      layout_cave_pools, minmay_misc_feat_pillars, item_on_display_a,
          uniq_pikel, uniq_ijyb, uniq_menkaure, uniq_sigmund
D:6:      layout_basic, marbit_many_paths, nicolae_overflow_crystal_walls,
          nicolae_ossuary_entry_catacombs, uniq_blork_the_orc
Temple:   hellmonk_temple_of_storms

Skill      XL: |  1  2  3  4  5  6  7  8 |
---------------+-------------------------+-----
Fire Magic     | 3 4 5 |  5.4
Dodging        | 2 |  2.2
Necromancy     | 1 2 3 |  3.5
Stealth        | 2 |  2.5
Fighting       | 1 2 3 |  3.0
Conjurations   | 2 |  2.8
Hexes          | 1 2 |  2.4
Spellcasting   | 3 |  3.6
Air Magic      | 1 2 |  2.0
Translocations | 1 |  1.7
Invocations    | 1 |  1.5
Short Blades   | 1 |  1.0

Action                     |  1- 3 |  4- 6 |  7- 9 || total
---------------------------+-------+-------+-------++-------
  Melee: Battleaxe         |     5 |       |       ||     5
         Short sword       |    12 |    25 |    25 ||    62
         Punch             |       |       |     1 ||     1
   Cast: Foxfire           |    37 |    46 |    34 ||   117
         Scorch            |     2 |    12 |     9 ||    23
         Inner Flame       |       |     2 |     2 ||     4
   Stab: Sleeping          |     1 |     3 |       ||     4
 Armour: Robe              |    17 |    24 |    12 ||    53
  Dodge: Dodged            |    13 |    34 |    31 ||    78

Table legend: (Time is in decaauts)
 A = Elapsed time spent in this place.
 B = Non-inter-level travel time spent in this place.
 C = Inter-level travel time spent in this place.
 D = Time resting spent in this place.
 E = Time spent auto-exploring this place.
 F = Levels seen in this place.
 G = Mean time per level.
                   A        B        C        D        E       F      G
               +--------+--------+--------+--------+--------+-----+--------+
         Total |   4201 |   3902 |    299 |    221 |   2972 |   7 |  600.1 |
       Dungeon |   4182 |   3892 |    290 |    221 |   2972 |   6 |  697.0 |
        Temple |     19 |     10 |      9 |      0 |      0 |   1 |   19.0 |
               +--------+--------+--------+--------+--------+-----+--------+

Top non-repeatable levels by time:
     D:3: 1077 daAuts
     D:4: 998 daAuts
     D:1: 862 daAuts
     D:2: 833 daAuts
     D:5: 285 daAuts
     D:6: 124 daAuts
  Temple: 19 daAuts
